 Dungeon Crawl Stone Soup version 0.30-b1-2-g02819fbbbe (webtiles) character file.

Game seed: 7731257684117228182

60754 mtoz the Severer (level 14, 0/132 HPs)
             Began as a Minotaur Berserker on Sept 29, 2023.
             Was a High Priest of Trog.
             Succumbed to a spriggan rider's curare-tipped dart
             ... on level 5 of the Lair of Beasts on Dec 21, 2023.
             The game lasted 01:18:22 (15187 turns).

mtoz the Severer (Minotaur Berserker)              Turns: 15187, Time: 01:18:23

Health: 0/132      AC: 32    Str: 31    XL:     14   Next: 58%
Magic:  13/13      EV: 10    Int:  3    God:    Trog [*****.]
Gold:   1154       SH:  0    Dex:  9    Spells: 13/13 levels left

rFire   . . .        K - +0 battleaxe
rCold   . . .        (shield currently unavailable)
rNeg    . . .        f - +18 Lear's hauberk
rPois   .            (helmet currently unavailable)
rElec   .            M - +0 cloak
rCorr   .            (gloves currently unavailable)
SInv    +            (boots currently unavailable)
Will    +....        g - amulet of faith Stlth
                     q - ring of see invisible
HPRegen 0.42/turn    (no ring)
MPRegen 0.13/turn

%: faith
@: lethally poisoned (0 -> -10), on berserk cooldown, slowed, studying Shields,
very slow
A: horns 2, retaliatory headbutt, passive freeze, strong 1
a: Renounce Religion, Berserk, Trog's Hand, Brothers in Arms


You were on level 5 of the Lair of Beasts.
You worshipped Trog.
Trog was extremely pleased with you.
You visited 5 branches of the dungeon, and saw 19 of its levels.
You also visited: Sewer and Bailey.

You collected 1154 gold pieces.

Inventory:

Hand Weapons
 i - the +9 dagger of Thoughtfulness {flame, rF+ Will+}
   (You found it on level 1 of the Lair of Beasts)

   rF:        It protects you from fire.
   Will:      It increases your willpower.
 K - a +0 battleaxe (weapon)
Missiles
 V - 2 throwing nets (quivered)
Armour
 e - a +0 pair of boots
 f - the +18 Lear's hauberk (worn)
   (You acquired it on level 2 of the Dungeon)
 h - a +0 pair of gloves
 m - the +2 robe of Bafumn {rElec rPois Slay+5 Stlth-}
   (You found it on level 3 of the Dungeon)

   Slay:      It affects your accuracy & damage with ranged weapons and melee
   (+5).
   rElec:     It insulates you from electricity.
   rPois:     It protects you from poison.
   Stlth:     It makes you less stealthy.
 F - a +0 plate armour
 M - a +0 cloak (worn)
 R - +0 acid dragon scales
Jewellery
 g - an amulet of faith (around neck)
 q - a ring of see invisible (left hand)
 w - an amulet of the acrobat
 D - a ring of flight
 T - an amulet of magic regeneration
 X - a ring of fire
Wands
 c - a wand of charming (53)
 s - a wand of polymorph (2)
 t - a wand of flame (34)
 u - a wand of digging (13)
 x - a wand of iceblast (9)
 I - a wand of light (18)
Scrolls
 a - 4 scrolls of fog
 b - a scroll of silence
 d - 4 scrolls of vulnerability
 r - 3 scrolls of blinking
 v - a scroll of immolation
 y - 4 scrolls of teleportation
 G - 5 scrolls of enchant weapon
 L - 2 scrolls of magic mapping
 P - a scroll of fear
 Q - a scroll of enchant armour
Potions
 j - 2 potions of invisibility {unknown}
 k - 13 potions of curing
 l - 4 potions of heal wounds
 n - 4 potions of ambrosia
 o - a potion of haste
 p - 6 potions of mutation
 z - a potion of berserk rage
 A - a potion of cancellation
 B - a potion of attraction {unknown}
 C - 2 potions of might
 O - 2 potions of magic
Miscellaneous
 N - a phantom mirror


   Skills:
 + Level 14.2 Fighting
 * Level 19.2 Axes
 + Level 13.9 Armour
 - Level 2.1 Dodging
 + Level 10.7 Evocations


You had 13 spell levels left.
You didn't know any spells.
Your spell library was empty.

Dungeon Overview and Level Annotations

Branches:
Dungeon (11/15)            Temple (1/1) D:7            Lair (5/5) D:11
 Shoals (1/4) Lair:2       Spider (1/4) Lair:3        Slime (0/5) Lair:5
  Sewer (visited)          Bailey (visited)
    Orc: D:9-12

Altars:
Cheibriados
Fedhas
Kikubaaqudgha
Nemelex Xobeh
Qazlal
Ru
Sif Muna
Trog
Wu Jian
Xom
Zin
The Shining One
Jiyva


Innate Abilities, Weirdness & Mutations

You have a pair of horns on your head.
You reflexively headbutt those who attack you in melee.
A frigid envelope surrounds you and freezes all who hurt you.
Your muscles are strong. (Str +4, Int/Dex -1)


Message History

The hornet stings you but does no damage.
The hornet is very cold.
The hornet is moderately wounded.
You barely miss the hornet. Your headbutt misses the hornet.
The hornet is moderately wounded.
You hit the hornet.
You feel sick.
The spriggan rider hits you from afar with a +0 spear.
* * * LOW HITPOINT WARNING * * *
The hornet barely misses you.
The hornet stings you but does no damage.
The hornet is very cold.
The hornet is heavily wounded.
You closely miss the hornet. Your headbutt misses the hornet.
The hornet is heavily wounded.
You slice the hornet!!
Your skin stops crawling.
You feel less strong-willed.
You feel sick. The hornet stings you!
* * * LOW HITPOINT WARNING * * *
You feel as though you will be slow longer.
The hornet stings you but does no damage.
The hornet is very cold.
The hornet is almost dead.
The spriggan rider misses you.
You slice the hornet!!
You kill the hornet!
Trog accepts your kill.
You slice the hornet!!
You kill the hornet!
Trog accepts your kill.
You feel sick.
The spriggan rider throws a curare-tipped dart.
The curare-tipped dart hits you.
You are more poisoned.
You have difficulty breathing.
* * * LOW HITPOINT WARNING * * *
You feel as though you will be slow longer.
You are no longer berserk.
You are exhausted.
You feel as though you will be slow longer.
You die...

##....♣ :..
♣. #PP...♣
♣..♣♣.
......♣ .....
....P# ♣...
.....#♣ ..♣♣
<.....♣ ♣♣..♣
....P..♣
♣...♣♣
.......♣
♣†...♣
........
♣.♣†@♣♣♣
..#..###♣
♣)♣♣..)♣
..####
♣.♣♣♣♣†♣♣♣♣)♣
..# ##..♣♣†.♣
.i♣ ..#
#...#..♣♣ ..♣
#P....♣♣ ♣.♣
P####...†♣.♣
.♣
........♣#♣♣
.. ........#♣
♣.


You could see a spriggan rider.

Vanquished Creatures
  5 hydras
  A radroach (Lair:3)
  A merfolk avatar (Shoals:1)
  A catoblepas (Lair:4)
  A boulder beetle (Lair:1)
  Erica (D:11)
  A two-headed ogre (D:11)
  7 death yaks
  A skyshark (Lair:3)
  An orc knight (Bailey)
  3 oklob plants (D:11)
  An ugly thing (D:11)
  Maurice (D:9)
  7 black mambas
  12 cane toads
  2 torpor snails (Lair:3)
  An unseen horror (D:10)
  A rime drake (Lair:4)
  A kobold demonologist (D:10)
  4 komodo dragons
  3 trolls
  5 polar bears
  A tarantella (Lair:3)
  2 hornets (Lair:5)
  16 blink frogs
  2 dream sheep
  66 yaks
  Sigmund (D:4)
  A jumping spider (Lair:3)
  A shadow (D:11)
  7 spriggans (Lair:5)
  3 wyverns
  5 basilisks
  2 steam dragons (D:8)
  10 redbacks (Lair:3)
  Edmund (D:6)
  2 acid dragons (D:10)
  20 water moccasins
  15 orc warriors
  Pargi (Sewer)
  6 black bears
  3 ogres
  15 wolves (Lair:5)
  4 boggarts (Lair:5)
  11 centaurs
  A phantom (D:6)
  3 kobold brigands
  8 bullfrogs
  6 scorpions
  5 wights (D:7)
  10 killer bees
  2 howler monkeys (D:5)
  A jelly (D:5)
  A gnoll bouda (D:7)
  2 hounds (D:5)
  10 orc priests
  Jessica (D:2)
  A sleepcap (D:4)
  5 iguanas
  6 orc wizards
  2 hell rats (Lair:4)
  3 river rats (Lair:4)
  7 adders
  3 gnolls (D:7)
  2 shadow imps
  4 white imps
  3 worms
  2 dart slugs (D:1)
  39 orcs
  7 ball pythons
  7 endoplasms
  5 giant cockroaches
  10 hobgoblins
  8 jackals
  19 kobolds
  A quokka (D:1)
  21 bats
  2 frilled lizards
  16 goblins
  15 rats
494 creatures vanquished.

Vanquished Creatures (others)
  24 fungi
  62 plants
  A withered plant (D:11)
87 creatures vanquished.

Grand Total: 581 creatures vanquished

Notes
Turn   | Place    | Note
-------+----------+-------------------------------------------
     0 | D:1      | mtoz the Minotaur Berserker began the quest for the Orb.
     0 | D:1      | Reached XP level 1. HP: 19/19 MP: 0/0
   252 | D:1      | Reached XP level 2. HP: 27/27 MP: 1/1
   253 | D:1      | Reached skill level 4 in Axes
   262 | D:1      | Found a faded altar of an unknown god.
   536 | D:1      | Reached XP level 3. HP: 26/33 MP: 2/2
   544 | D:1      | Reached ** piety under Trog
   699 | D:1      | Reached skill level 1 in Evocations
   880 | D:2      | Noticed Jessica
   882 | D:2      | Killed Jessica
   883 | D:2      | Reached XP level 4. HP: 40/40 MP: 3/3
  1153 | D:2      | Gained mutation: A frigid envelope surrounds you and
                  | freezes all who hurt you. [potion of mutation]
  1153 | D:2      | Gained mutation: Your muscles are strong. (Str +4, Int/Dex
                  | -1) [potion of mutation]
  1166 | D:2      | Identified a scroll of acquirement
  1168 | D:2      | Acquired the +18 Lear's hauberk
  1168 | D:2      | Found the +18 Lear's hauberk
  1260 | D:3      | Identified the +2 robe of Bafumn {rElec rPois Slay+5
                  | Stlth-}
  1766 | D:3      | Found a glowing golden altar of the Shining One.
  1968 | D:4      | Reached skill level 5 in Axes
  2007 | D:4      | Found a glowing drain.
  2009 | D:4      | Reached *** piety under Trog
  2013 | Sewer    | Entered a sewer
  2037 | Sewer    | Noticed Pargi
  2047 | Sewer    | Killed Pargi
  2048 | Sewer    | Reached XP level 5. HP: 47/47 MP: 4/4
  2272 | D:4      | Reached XP level 6. HP: 55/55 MP: 5/5
  2299 | D:4      | Found an ornate altar of the Wu Jian Council.
  2358 | D:4      | Reached skill level 5 in Fighting
  2358 | D:4      | Reached skill level 6 in Axes
  2570 | D:4      | Found a blossoming altar of Fedhas.
  2675 | D:4      | Noticed Sigmund
  2681 | D:4      | Killed Sigmund
  2682 | D:4      | Reached XP level 7. HP: 61/61 MP: 6/6
  2798 | D:5      | Entered Level 5 of the Dungeon
  2832 | D:5      | Reached skill level 7 in Axes
  2862 | D:5      | Reached skill level 5 in Armour
  2950 | D:5      | Reached **** piety under Trog
  3188 | D:5      | Reached XP level 8. HP: 66/70 MP: 7/7
  3327 | D:5      | Reached skill level 8 in Axes
  3419 | D:5      | Found a shimmering blue altar of Sif Muna.
  3482 | D:5      | Found a stormy altar of Qazlal.
  4027 | D:6      | Noticed Edmund
  4033 | D:6      | Killed Edmund
  4042 | D:6      | You fall into a shaft and drop 1 floor!
  4174 | D:7      | Found a flagged portal.
  4184 | Bailey   | Entered a bailey
  4266 | Bailey   | Reached skill level 9 in Axes
  4435 | Bailey   | Reached ***** piety under Trog
  4586 | Bailey   | Reached XP level 9. HP: 71/79 MP: 8/8
  4646 | Bailey   | Reached skill level 10 in Axes
  4670 | Bailey   | Noticed an orc knight
  4680 | Bailey   | Killed an orc knight
  4681 | Bailey   | Reached skill level 5 in Evocations
  4746 | D:7      | Found a staircase to the Ecumenical Temple.
  4837 | D:7      | Reached skill level 11 in Axes
  5150 | D:6      | Found a sacrificial altar of Ru.
  5251 | D:6      | Reached XP level 10. HP: 90/90 MP: 9/9
  5876 | Temple   | Entered the Ecumenical Temple
  6036 | D:8      | Identified the +3 leather armour of the Shining Light {Harm
                  | rElec rPois rC+}
  6063 | D:8      | Received a gift from Trog
  6145 | D:8      | Reached skill level 12 in Axes
  6295 | D:8      | Found a glowing silver altar of Zin.
  6562 | D:9      | Noticed Maurice
  6567 | D:9      | Killed Maurice
  6793 | D:9      | Reached skill level 13 in Axes
  7233 | D:10     | Entered Level 10 of the Dungeon
  7317 | D:10     | Found a shimmering altar of Xom.
  7663 | D:10     | Reached XP level 11. HP: 99/99 MP: 10/10
  7717 | D:10     | Reached skill level 10 in Fighting
  7947 | D:10     | Found a snail-covered altar of Cheibriados.
  8300 | D:11     | Noticed a two-headed ogre
  8304 | D:11     | Killed a two-headed ogre
  8362 | D:11     | Found a staircase to the Lair.
  8364 | D:11     | Noticed an oklob plant
  8368 | D:11     | Noticed an oklob plant
  8553 | D:11     | Noticed a white ugly thing
  8560 | D:11     | Killed a white ugly thing
  8797 | D:11     | Reached skill level 14 in Axes
  8797 | D:11     | Reached skill level 10 in Armour
  8819 | D:11     | Noticed an oklob plant
  8858 | D:11     | Found an ancient bone altar of Kikubaaqudgha.
  8906 | D:11     | Noticed Erica
  8914 | D:11     | Killed Erica
  8986 | Lair:1   | Entered Level 1 of the Lair of Beasts
  9010 | D:11     | Killed an oklob plant
  9085 | D:11     | Killed an oklob plant
  9086 | D:11     | Killed an oklob plant
  9283 | D:11     | Reached skill level 15 in Axes
  9283 | D:11     | Reached XP level 12. HP: 110/110 MP: 11/11
  9317 | Lair:1   | Noticed a boulder beetle
  9330 | Lair:1   | Killed a boulder beetle
  9500 | Lair:1   | Reached skill level 16 in Axes
  9553 | Lair:2   | Noticed a five-headed hydra
  9601 | Lair:2   | Killed a three-headed hydra
  9682 | Lair:1   | Found a sparkling altar of Nemelex Xobeh.
  9850 | Lair:1   | Reached XP level 13. HP: 118/118 MP: 12/12
 10184 | Lair:1   | Identified the +9 dagger of Thoughtfulness {flame, rF+
                  | Will+}
 10299 | Lair:2   | Found a glowing golden altar of the Shining One.
 10956 | Lair:2   | Found a staircase to the Shoals.
 11159 | Shoals:1 | Entered Level 1 of the Shoals
 11357 | Lair:3   | Reached skill level 17 in Axes
 11792 | Lair:3   | Found a hole to the Spider Nest.
 11936 | Spider:1 | Entered Level 1 of the Spider Nest
 11943 | Spider:1 | Noticed a ghost moth
 12883 | Lair:3   | Reached skill level 18 in Axes
 13189 | Lair:3   | Reached skill level 10 in Evocations
 13240 | Lair:3   | Reached XP level 14. HP: 95/129 MP: 13/13
 14289 | Lair:5   | Entered Level 5 of the Lair of Beasts
 14335 | Lair:5   | Found a staircase to the Slime Pits.
 14479 | Lair:5   | Found a viscous altar of Jiyva.
 14972 | Lair:5   | Reached skill level 19 in Axes
 15186 | Lair:5   | HP: 4/198 [asphyx]
 15187 | Lair:5   | Succumbed to a spriggan rider's curare-tipped dart

Illustrated notes

Levels and vault maps discovered:
D:1:      dpeg_arrival_tiny_h, layout_loops_ring,
          hellmonk_ecumenical_altar_inner_sanctum, minmay_misc_feat_room
D:2:      layout_rooms, uniq_jessica
D:3:      layout_loops_ring, lemuel_coloured_pillars_altar,
          minmay_parallelograms, hangedman_abyss_or_decor_stabs,
          nicolae_figureground_pulse
D:4:      layout_gridville, nzn_wu_jian_council_hall, mainiacjoe_overflow_paths,
          portal_sewer_entry_e, st_stairs_11, uniq_sigmund
D:5:      layout_basic, lemuel_doored_altar, kennysheep_orc_sif_temple,
          minmay_ogre_servants
D:6:      layout_basic, mainiacjoe_overflow_six_doors_small, uniq_edmund
D:7:      layout_cave_pods, minmay_temple_entry_water_ring, enter_bailey_4
D:8:      layout_basic, kennysheep_mini_moat
D:9:      layout_roguey, chequers_serial_rivers_large_a, hangedman_glass_garden,
          uniq_maurice
D:10:     layout_irregular_city, slow_altar_2, mainiacjoe_overflow_tiny_flanked
D:11:     layout_basic, dpeg_oklobed_lair, kiku_gazebo_garden_becter, uniq_erica
Temple:   oiseaux_autumnal_temple
Lair:1:   layout_cave_pods, basic_altar, wad_woods_road_03, roderic_batcave
Lair:2:   layout_regular_city, minmay_shoals_entry_centaurs,
          lemuel_altar_in_water2
Lair:3:   layout_layer_cave, spider_nest_entry_webs
Lair:4:   layout_regular_city, serial_bayou_pond_a, kennysheep_abandoned_house,
          grunt_megastairs_1
Lair:5:   minmay_lair_end_enchanted_forest, layout_small_grid, slime_entry_1,
          serial_bayou_shore_b
Shoals:1: layout_shoals, nicolae_shoals_raging_river
Spider:1: layout_spider_delve

Skill      XL: |  1  2  3  4  5  6  7  8  9 10 11 12 13 14 |
---------------+-------------------------------------------+-----
Axes           | 4 5 6 7 9 11 13 15 16 18 19 | 19.2
Fighting       | 4 5 6 7 8 9 11 12 13 14 | 14.2
Armour         | 3 4 5 6 8 9 11 13 | 13.9
Evocations     | 1 2 3 4 5 6 8 10 | 10.7
Dodging        | |  2.1

Action                     |  1- 3 |  4- 6 |  7- 9 | 10-12 | 13-15 || total
---------------------------+-------+-------+-------+-------+-------++-------
  Melee: Hand axe          |    70 |    60 |   158 |    15 |       ||   303
         Headbutt          |    12 |    12 |    16 |    57 |    78 ||   175
         Punch             |       |     1 |     3 |       |       ||     4
         Battleaxe         |       |       |       |   219 |   454 ||   673
         Scimitar          |       |       |       |     4 |       ||     4
         Dagger            |       |       |       |       |    11 ||    11
 Invoke: Trog's Hand       |       |       |     3 |    12 |    19 ||    34
         Berserk           |       |       |     1 |     6 |     4 ||    11
         Brothers in Arms  |       |       |     1 |       |       ||     1
  Evoke: Wand              |       |     1 |     1 |     5 |     2 ||     9
    Use: Potion            |       |     7 |     4 |     3 |       ||    14
         Scroll            |       |     5 |     3 |     4 |     3 ||    15
   Stab: Invisible         |       |       |       |     2 |     1 ||     3
 Armour: Animal skin       |     8 |       |       |       |       ||     8
         Ring mail         |     8 |     1 |       |       |       ||     9
         Chain mail        |       |    38 |   141 |   199 |   362 ||   740
  Dodge: Dodged            |    41 |    34 |   114 |   134 |   196 ||   519
